 Dungeon Crawl Stone Soup version 0.31-a0-175-g9f7f995f2b (webtiles) character file.

Game seed: 5614896541530046268

366 qw the Chopper (level 6, -5/39 HPs)
             Began as a Gargoyle Fighter on June 17, 2023.
             Slain by a gnoll sergeant
             ... wielding a +0 antimagic spear
              (8 damage)
             ... on level 4 of the Dungeon.
             The game lasted 00:01:26 (2739 turns).

qw the Chopper (Gargoyle Fighter)                   Turns: 2739, Time: 00:01:26

Health: -5/39      AC: 13    Str: 22    XL:     6   Next: 68%
Magic:  1/6        EV:  8    Int:  8    God:
Gold:   89         SH:  5    Dex: 15    Spells: 5/5 levels left

rFire   . . .        Y - +0 war axe
rCold   . . .        c - +0 buckler
rNeg    + . .        e - +0 chain mail
rPois   inf          (no helmet)
rElec   +            (no cloak)
rCorr   .            (no gloves)
SInv    .            (no boots)
Will    .....        (no amulet) Stlth
                     h - +6 ring of dexterity
HPRegen 0.26/turn    (no ring)
MPRegen 0.10/turn

%: no passive effects
@: no status effects
A: sickness immunity, AC +4, negative energy resistance 1, electricity
resistance, torment resistance 1, petrification resistance
a: no special abilities


You were on level 4 of the Dungeon.
You visited 1 branch of the dungeon, and saw 4 of its levels.

You collected 89 gold pieces.


Innate Abilities, Weirdness & Mutations

You are immune to sickness and miasma.
Your stone body is resilient. (AC +4)
You are immune to poison.
You resist negative energy. (rN+)
You are resistant to electric shocks. (rElec)
You are resistant to unholy torment.
You are immune to petrification.


   Skills:
 - Level 4.4 Fighting
 + Level 5.5 Axes
 - Level 3.2 Armour
 - Level 1.1 Dodging
 - Level 3.2 Shields


You had 5 spell levels left.
You didn't know any spells.
Your spell library was empty.

Inventory:

Hand Weapons
 f - a +0 mace
 Y - a +0 war axe (weapon)
Armour
 c - a +0 buckler (worn)
 e - a +0 chain mail (worn)
 k - an orb of wrath
Jewellery
 h - a +6 ring of dexterity (left hand)
 j - a ring of ice
Scrolls
 g - a scroll of identify
Potions
 a - a potion of attraction
 b - a potion of heal wounds {unknown}
 d - a potion of might
 i - a potion of resistance {unknown}

Dungeon Overview and Level Annotations

Branches:
Dungeon (4/15)
 Temple: D:4-7

Altars:


Message History

You kill the gnoll!
The gnoll barely misses you.
The gnoll sergeant hits you from afar with a +0 antimagic spear.
You feel your power leaking away. The gnoll closely misses you.
You block the gnoll sergeant's attack.
You see here a +0 flail.
You slash the gnoll sergeant!
The gnoll sergeant is heavily wounded.
The gnoll hits you but does no damage. The gnoll sergeant barely misses you.
You completely miss the gnoll sergeant.
The gnoll sergeant is heavily wounded.
The gnoll closely misses you. You block the gnoll sergeant's attack.
You closely miss the gnoll sergeant.
The gnoll sergeant is heavily wounded.
The gnoll hits you but does no damage. The gnoll sergeant barely misses you.
The gnoll sergeant hits you with a +0 antimagic spear!
You feel your power leaking away. The gnoll hits you but does no damage.
You hit the gnoll sergeant.
The gnoll sergeant is heavily wounded.
You block the gnoll's attack.
The gnoll sergeant hits you with a +0 antimagic spear!
You barely miss the gnoll sergeant.
The gnoll sergeant is heavily wounded.
The gnoll closely misses you.
The gnoll sergeant hits you but does no damage.
You hit the gnoll sergeant but do no damage.
The gnoll sergeant is heavily wounded.
The gnoll hits you but does no damage.
The gnoll sergeant hits you with a +0 antimagic spear!
You hit the gnoll sergeant but do no damage.
The gnoll sergeant is heavily wounded.
The gnoll hits you but does no damage.
The gnoll sergeant hits you with a +0 antimagic spear!
The gnoll hits you but does no damage. The gnoll sergeant barely misses you.
You barely miss the gnoll sergeant.
The gnoll sergeant is heavily wounded.
The gnoll barely misses you.
The gnoll sergeant hits you with a +0 antimagic spear!
You die...

########
##......###
..........#
..........#
..........########
......g..>##.....#
......g.))##.###.#
#####
.......@.....# #.#
#...#
.......##.####
#.###.#.# .....#.
#.# #.....#.# ....
#. #.# #######.#
... .. #.# #.# ..
.. #.# #%# # ...
#.# #.. ... #.#
###


You could see a gnoll sergeant and a gnoll.

Vanquished Creatures
  2 scorpions
  An iguana (D:4)
  Natasha (twice) (D:3)
  Ijyb (D:3)
  2 gnolls (D:4)
  7 adders
  3 dart slugs
  5 orcs
  4 bats
  4 goblins
  7 hobgoblins
  3 jackals (D:2)
  4 quokkas
  4 ball pythons
  3 frilled lizards
  3 kobolds
  7 rats
62 creatures vanquished.

Notes
Turn   | Place    | Note
-------+----------+-------------------------------------------
     0 | D:1      | qw the Gargoyle Fighter began the quest for the Orb.
     0 | D:1      | Reached XP level 1. HP: 14/14 MP: 1/1
     0 | D:1      | 0 ||| qw: Version: 0.3-a-2-g5ab2908
     0 | D:1      | 0 ||| qw: Game counter: 220
     0 | D:1      | 0 ||| qw: Always use a shield: true
     0 | D:1      | 0 ||| qw: God list: Okawaru
     0 | D:1      | 0 ||| qw: Allow faded altars: false
     0 | D:1      | 0 ||| qw: Do Orc after D:15 true
     0 | D:1      | 0 ||| qw: Do second Lair branch before Depths: true
     0 | D:1      | 0 ||| qw: Lair rune preference: random
     0 | D:1      | 0 ||| qw: Plans: Normal, Zot:1-4, Slime:5, God:TSO, Crypt,
                  | Tomb, Abyss, Pan, Hells, Win
     0 | D:1      | 0 ||| PLANNING D:1-11
    98 | D:1      | Found a faded altar of an unknown god.
   169 | D:1      | Reached skill level 2 in Axes
   230 | D:1      | 230 ||| Stepping ~*~*~tactically~*~*~ (stealth).
   237 | D:1      | Reached XP level 2. HP: 19/19 MP: 2/2
   839 | D:1      | 839 ||| READING scroll labelled XULIHI ASITRO.
   840 | D:1      | 840 ||| READING scroll labelled NUL SUOQUIPER.
   841 | D:1      | 841 ||| READING scroll labelled WENEON HOPRE.
   865 | D:2      | 865 ||| Stepping ~*~*~tactically~*~*~ (stealth).
   869 | D:2      | 869 ||| Stepping ~*~*~tactically~*~*~ (stealth).
   888 | D:2      | Reached skill level 3 in Axes
   888 | D:2      | Reached XP level 3. HP: 18/23 MP: 3/3
   888 | D:2      | 888 ||| FLEEEEING.
   889 | D:2      | 889 ||| FLEEEEING.
   890 | D:2      | 890 ||| FLEEEEING.
   892 | D:2      | 892 ||| STAIRDANCE
   916 | D:2      | 916 ||| STAIRDANCE
  1194 | D:2      | 1194 ||| Stepping ~*~*~tactically~*~*~ (stealth).
  1385 | D:2      | Reached XP level 4. HP: 27/28 MP: 4/4
  1407 | D:2      | 1407 ||| Stepping ~*~*~tactically~*~*~ (stealth).
  1619 | D:2      | 1619 ||| UPGRADING to +6 ring of dexterity.
  1620 | D:2      | 1620 ||| READING scroll labelled OCVY CUMADD.
  1623 | D:2      | 1623 ||| READING 2 scrolls labelled RUQUTI SYIRPH.
  1786 | D:3      | 1786 ||| Stepping ~*~*~tactically~*~*~ (stealth).
  1791 | D:3      | Reached skill level 1 in Dodging
  1883 | D:3      | Reached skill level 4 in Axes
  1888 | D:3      | Noticed a scorpion
  1897 | D:3      | Killed a scorpion
  1898 | D:3      | Reached XP level 5. HP: 32/32 MP: 5/5
  1921 | D:3      | Noticed Ijyb
  1922 | D:3      | 1922 ||| Stepping ~*~*~tactically~*~*~ (hiding).
  1935 | D:3      | Killed Ijyb
  2065 | D:3      | 2065 ||| Stepping ~*~*~tactically~*~*~ (stealth).
  2073 | D:3      | 2073 ||| Stepping ~*~*~tactically~*~*~ (stealth).
  2077 | D:3      | Noticed Natasha
  2081 | D:3      | Killed Natasha
  2082 | D:3      | Reached skill level 5 in Axes
  2256 | D:3      | Noticed Natasha
  2263 | D:3      | Killed Natasha
  2264 | D:3      | Reached XP level 6. HP: 15/38 MP: 6/6
  2413 | D:3      | 2413 ||| Stepping ~*~*~tactically~*~*~ (hiding).
  2474 | D:3      | 2474 ||| UPGRADING to +0 chain mail.
  2484 | D:3      | 2484 ||| DROPPING +0 scale mail.
  2485 | D:3      | 2485 ||| READING scroll labelled GICRAM WUONE.
  2515 | D:3      | 2515 ||| READING scroll labelled KECIXY GETEO.
  2516 | D:3      | 2516 ||| READING 2 scrolls of identify.
  2516 | D:3      | 2516 ||| IDENTIFYING fuming pink potion
  2701 | D:4      | 2701 ||| FLEEEEING.
  2738 | D:4      | HP: 3/39 [gnoll sergeant/+0 antimagic spear (8)]
  2739 | D:4      | Slain by a gnoll sergeant

Levels and vault maps discovered:
D:1:      lemuel_arrival_broad_hall, layout_loops_corners,
          shapermc_ecumenical_altar_mp_highgroup, serial_forest,
          infiniplex_forest_lined_2, infiniplex_forest_clump_medium,
          infiniplex_forest_clump_curved, infiniplex_forest_clump_diagonal,
          infiniplex_forest_clump_large, infiniplex_forest_clump_tiny,
          infiniplex_forest_lined_room_
D:2:      layout_loops_cross, glass_columns_b
D:3:      layout_basic, uniq_ijyb, uniq_natasha
D:4:      layout_basic, gammafunk_ghost_nasty_kobolds, hellmonk_no_cap

Skill      XL: |  1  2  3  4  5  6 |
---------------+-------------------+-----
Axes           | 2 3 4 5 |  5.5
Dodging        | 1 |  1.1
Fighting       | 4 |  4.4
Armour         | |  3.2
Shields        | |  3.2

Action                     |  1- 3 |  4- 6 || total
---------------------------+-------+-------++-------
  Melee: War axe           |   112 |   150 ||   262
    Use: Scroll            |     3 |     5 ||     8
 Armour: Scale mail        |    63 |    52 ||   115
         Chain mail        |       |    30 ||    30
  Dodge: Dodged            |    48 |    68 ||   116
  Block: Buckler           |    19 |    33 ||    52

Table legend:
 A = Non-vault XP
 B = Vault XP
 C = Vault XP percentage of total XP
 D = Non-vault monster count
 E = Vault monster count
 F = Vault count percentage of total count
                 A         B        C        D         E       F
            +---------+---------+-------+---------+---------+-------
      Total |     454 |      70 |  13.4 |      60 |       2 |   3.2
            +---------+---------+-------+---------+---------+-------
        D:1 |      24 |       0 |   0.0 |      12 |       0 |   0.0
        D:2 |      68 |       0 |   0.0 |      20 |       0 |   0.0
        D:3 |     191 |      70 |  26.8 |      22 |       2 |   8.3
        D:4 |     171 |       0 |   0.0 |       6 |       0 |   0.0
            +---------+---------+-------+---------+---------+-------
